 Dungeon Crawl Stone Soup version 0.16.2-12-gd0ad4c3 (webtiles) character file.

4251 Kloppie the Fighter (level 10, -2/86 HPs)
             Began as a Formicid Fighter on Oct 31, 2015.
             Was a Believer of Makhleb.
             Slain by a gnoll
             ... wielding a +2 spear of distortion
              (6 damage)
             ... on level 8 of the Dungeon.
             The game lasted 00:23:26 (9035 turns).

Kloppie the Fighter (Formicid Fighter)              Turns: 9035, Time: 00:23:26

Health: -2/86      AC: 11    Str: 25    XL:     10   Next: 56%
Magic:  21/21      EV:  8    Int:  7    God:    Makhleb [**....]
Gold:   405        SH:  9    Dex: 10    Spells: 0 memorised, 9 levels left

rFire  . . .     SeeInvis +     a - +0 war axe
rCold  . . .     Clarity  .     t - +0 scale mail (curse)
rNeg   . . .     SustAb   .     c - +0 shield
rPois  .         Gourm    .     (helmet unavailable)
rElec  .         Spirit   .     E - +2 cloak {+Inv}
rCorr  .         Warding  .     b - +0 pair of gloves
rMut   .         Stasis   +     (no boots)
MR     ++...                    (no amulet)
Stlth  ..........               s - ring of flight
                                n - ring of protection from magic

@: very resistant to hostile enchantments, extremely unstealthy
A: permanent stasis, dig shafts and tunnels, four strong arms, antennae 3
a: Dig, Shaft Self, Minor Destruction, Renounce Religion, Evoke Invisibility,
Evoke Flight


You were on level 8 of the Dungeon.
You worshipped Makhleb.
Makhleb was pleased with you.
You were full.

You visited 1 branch of the dungeon, and saw 8 of its levels.
You visited the Abyss 1 time.

You collected 405 gold pieces.

Inventory:

Hand weapons
 a - a +0 war axe (weapon)
Missiles
 j - 14 bolts
 l - 12 bolts of flame
Armour
 b - a +0 pair of gloves (worn)
 c - a +0 shield (worn)
 t - a cursed +0 scale mail (worn)
 z - a +0 plate armour
 E - a +2 cloak of invisibility (worn)
Jewellery
 n - a ring of protection from magic (left hand)
 r - a +4 ring of intelligence
 s - a ring of flight (right hand)
Magical devices
 o - a wand of fireball (2)
 u - a wand of flame (13)
 y - a wand of teleportation (3)
 B - a wand of polymorph (8)
Scrolls
 g - 5 scrolls of identify
 h - a scroll of magic mapping
 i - 3 scrolls of remove curse
 p - 2 scrolls of amnesia
 F - a scroll of random uselessness {unknown}
Potions
 e - 2 potions of cancellation
 f - 6 potions of curing
 k - 3 potions of brilliance
 m - a potion of resistance {unknown}
 w - a potion of restore abilities
 x - a potion of flight
 A - a potion of magic
 C - a potion of lignification
Books
 v - a book of Ice

   Spells                             Type                      Level
   a - Ice Form                       Ice/Transmutation            4
   b - Metabolic Englaciation         Hexes/Ice                    5
   c - Ozocubu's Refrigeration        Ice                          6
   d - Bolt of Cold                   Conjuration/Ice              6
   e - Freezing Cloud                 Conjuration/Ice/Air          6
   f - Simulacrum                     Ice/Necromancy               6
Comestibles
 d - 5 bread rations
 q - 5 meat rations
 D - a royal jelly


   Skills:
 - Level 10.3 Fighting
 - Level 10.1 Axes
 + Level 4.7 Armour
 - Level 3.6 Shields
 + Level 5.9 Invocations


You had 9 spell levels left.
You didn't know any spells.

Dungeon Overview and Level Annotations

Branches:
Dungeon (8/15)             Temple (0/1) D:7
   Lair: D:8-11

Altars:
Dithmenos
Gozag
Makhleb
Qazlal
Xom

Annotations:
D:5 Kloppie's ghost, experienced FoFi; Peloso's ghost, experienced MiFi
D:7 CcS's ghost, experienced CeHu


Innate Abilities, Weirdness & Mutations

You are under a permanent stasis effect.
You can dig through walls and to a lower floor.
Your four strong arms can wield two-handed weapons with a shield.
You have a pair of large antennae on your head (SInv).


Message History

* * * LOW HITPOINT WARNING * * *
The gnoll barely misses you. The gnoll hits you but does no damage.
Space warps horribly around you!
* * * LOW HITPOINT WARNING * * *
Things that are here:
a robe; a whip; a gnoll corpse You slash the gnoll!
The gnoll is almost dead.
The gnoll hits you but does no damage. You block the gnoll's attack.
You closely miss the gnoll.
The gnoll is almost dead.
The gnoll hits you from afar with a halberd!
* * * LOW HITPOINT WARNING * * *
The gnoll hits you but does no damage.
You closely miss the gnoll.
The gnoll is almost dead.
The gnoll hits you from afar with a halberd.
* * * LOW HITPOINT WARNING * * *
The gnoll hits you with a spear of distortion.
You die...

##.#..# #..#..# ### #.##.>#
######.## #.##..###...#...##
. ##.##..##......#..#
....###...#.........##g.#
.........)......g.#####{####
....###.÷..#####.## #{g{..##
##†#.# #@# ##.#...# {
#..#####)#.# #g# ####gg## {
#........#.#####.### ##g.#
##)#####...........# #.g###
#...#÷#######.# ##))>#
.###.#...........# ##.)#
.........#######.# { #)###
######.##.## #.g.# .#
#..#.#.## { #...#


You could see 2 gnolls.

Vanquished Creatures
  Pikel (D:6)
  A cyclops (D:7)
  The ghost of gaypyos the Cudgeler, an average MiBe of Trog (D:4)
  Eustachio (D:6)
  The ghost of Kloppie the Skirmisher, an average FoFi (D:4)
  2 sky beasts
  2 orc warriors (D:7)
  A black bear (D:7)
  2 phantoms
  2 slaves (D:6)
  An ice beast (D:7)
  3 ogres
  5 centaurs
  Duvessa (D:8)
  A gnoll sergeant (D:6)
  Blork the orc (D:6)
  2 scorpions
  A wyvern skeleton (D:6)
  A jelly (D:7)
  2 goliath beetles
  Dowan (D:8)
  A crimson imp (D:7)
  3 gnoll shamans
  7 orc wizards
  Crazy Yiuf (D:6)
  8 orc priests
  A quasit (D:6)
  A giant frog skeleton (D:4)
  2 hounds (D:8)
  An iron imp (D:6)
  3 worker ants
  Ijyb (D:6)
  A worker ant zombie (D:5)
  16 gnolls
  11 adders
  A shadow imp (D:6)
  3 worms
  An adder zombie (D:6)
  An adder skeleton (D:6)
  2 giant geckos
  2 oozes
  33 orcs
  15 bats
  A bat skeleton (D:4)
  A bat zombie (D:6)
  8 goblins
  12 hobgoblins
  8 quokkas
  6 giant cockroaches
  A giant cockroach zombie (D:3)
  A giant gecko skeleton (D:7)
  3 giant newts
  2 giant spores
  9 kobolds
  A quokka skeleton (D:5)
  15 rats
  A ballistomycete (D:8)
217 creatures vanquished.

Vanquished Creatures (others)
  3 orcs
  A goblin (D:6)
  2 kobolds
  A rat (D:2)
  5 fungi (D:8)
  5 toadstools (D:1)
17 creatures vanquished.

Grand Total: 234 creatures vanquished

Notes
Turn   | Place    | Note
--------------------------------------------------------------
     0 | D:1      | Kloppie, the Formicid Fighter, began the quest for the Orb.
     0 | D:1      | Reached XP level 1. HP: 18/18 MP: 1/1
    94 | D:1      | Reached XP level 2. HP: 24/24 MP: 3/3
   644 | D:2      | Reached XP level 3. HP: 19/30 MP: 4/4
   755 | D:2      | Reached skill level 4 in Fighting
   883 | D:2      | Reached XP level 4. HP: 35/37 MP: 5/5
  1274 | D:2      | Found a stormy altar of Qazlal.
  1784 | D:2      | Reached XP level 5. HP: 27/43 MP: 7/7
  2045 | D:3      | Reached skill level 5 in Fighting
  2422 | D:3      | Found a shimmering altar of Xom.
  2423 | D:3      | Found an opulent altar of Gozag.
  2688 | D:3      | Reached XP level 6. HP: 18/51 MP: 8/8
  3467 | D:3      | Reached skill level 6 in Fighting
  3467 | D:3      | Reached skill level 5 in Axes
  3467 | D:3      | Reached XP level 7. HP: 41/58 MP: 9/9
  3947 | D:4      | Noticed gaypyos' ghost (average MiBe)
  3951 | D:4      | Killed gaypyos' ghost
  3987 | D:4      | Reached skill level 7 in Fighting
  4035 | D:4      | Noticed Kloppie's ghost (average FoFi)
  4049 | D:4      | Killed Kloppie's ghost
  4049 | D:4      | Reached XP level 8. HP: 27/67 MP: 11/11
  4469 | D:5      | Entered Level 5 of the Dungeon
  4572 | D:5      | Noticed Peloso's ghost (experienced MiFi)
  4792 | D:5      | Noticed Kloppie's ghost (experienced FoFi)
  4971 | D:6      | Noticed Blork the orc
  4979 | D:6      | Reached skill level 8 in Fighting
  4983 | D:6      | Killed Blork the orc
  4989 | D:6      | Noticed Eustachio
  5169 | D:6      | Killed Eustachio
  5230 | D:6      | Reached XP level 9. HP: 64/75 MP: 12/12
  5353 | D:6      | Reached skill level 9 in Fighting
  5515 | D:6      | Noticed Pikel
  5543 | D:6      | Killed Pikel
  5868 | D:6      | Noticed Ijyb
  5881 | D:6      | Killed Ijyb
  5944 | D:5      | Reached skill level 10 in Fighting
  6292 | D:6      | Found a burning altar of Makhleb.
  6292 | D:6      | Noticed a cacodemon
  6295 | D:6      | Noticed an orange demon
  6297 | D:6      | Became a worshipper of Makhleb the Destroyer
  6575 | D:6      | Noticed Crazy Yiuf
  6581 | D:6      | Killed Crazy Yiuf
  6777 | D:7      | Reached skill level 1 in Invocations
  6970 | D:7      | Reached XP level 10. HP: 78/86 MP: 14/16
  7181 | D:7      | Noticed CcS's ghost (experienced CeHu)
  7504 | D:7      | Noticed a cyclops
  7528 | D:7      | Acquired Makhleb's first power
  7763 | D:7      | Killed a cyclops
  7763 | D:7      | Reached skill level 10 in Axes
  8079 | D:7      | Reached skill level 5 in Invocations
  8128 | D:7      | Found a shadowy altar of Dithmenos.
  8147 | D:7      | HP: 4/86 [CcS's ghost (2)]
  8465 | D:7      | Found a staircase to the Ecumenical Temple.
  8676 | D:8      | Noticed Duvessa
  8676 | D:8      | Noticed Dowan
  8687 | D:8      | Killed Duvessa
  8694 | D:8      | Killed Dowan
  8967 | D:8      | Acquired Makhleb's second power
  8977 | D:8      | Cast into the Abyss (gnoll)
  9013 | Abyss:1  | Noticed a cacodemon
  9032 | D:8      | Escaped the Abyss
  9035 | D:8      | HP: 4/86 [gnoll/halberd (5)]
  9035 | D:8      | Slain by a gnoll

Action                   |  1- 3 |  4- 6 |  7- 9 | 10-12 || total
-------------------------+-------+-------+-------+-------++-------
Melee: War axe           |    95 |   204 |   395 |   203 ||   897
Evoke: Wand              |       |       |     3 |     3 ||     6
  Use: Potion            |       |       |     2 |     1 ||     3
       Scroll            |       |       |    15 |       ||    15
  Eat: Chunk             |       |     7 |     8 |     5 ||    20
       Pizza             |       |     1 |     1 |       ||     2
       Fruit             |       |       |     1 |       ||     1
       Beef jerky        |       |       |     1 |     1 ||     2
       Meat ration       |       |       |       |     1 ||     1
